 Dungeon Crawl Stone Soup version 0.31-a0-963-ga325b2283a (webtiles) character file.

Game seed: 8415002906491256772

30 Maxmaps the Sneak (level 3, 0/23 HPs)
             Began as an Octopode Shapeshifter on Oct 24, 2023.
             Frozen to death by an endoplasm (4 damage)
             ... on level 2 of the Dungeon.
             The game lasted 00:00:38 (806 turns).

Maxmaps the Sneak (Octopode Shapeshifter)            Turns: 806, Time: 00:00:38

Health: 0/23       AC:  1    Str: 13    XL:     3   Next: 18%
Magic:  3/3        EV: 13    Int: 14    God:
Gold:   33         SH:  0    Dex: 11    Spells: 2/2 levels left

rFire   . .          .
                       - Unarmed
rCold   . . .        (no shield)
rNeg    . . .        (helmet currently unavailable)
rPois   .            (no amulet)
rElec   .            (no ring)
rCorr   .            (no ring)
SInv    .            (no ring)
Will    .....        (no ring)
Stlth   +++          (no ring)
HPRegen 0.23/turn    (no ring)
MPRegen 0.08/turn    (no ring)
                     (no ring)

%: no passive effects
@: beast-form
A: beast (slay +1), almost no armour, amphibious, 8 rings, camouflage 1,
gelatinous body 1, (nimble swimmer 1), tentacles
a: Begin Untransformation


You were on level 2 of the Dungeon.
You were a hulking beast.
You visited 1 branch of the dungeon, and saw 2 of its levels.

You collected 33 gold pieces.

Inventory:

Jewellery
 f - a +6 ring of dexterity
Talismans
 b - a beast talisman
 c - a flux talisman
Scrolls
 e - a scroll of blinking {unknown}
 g - 4 scrolls of identify {unknown}
 k - a scroll of poison {unknown}
Potions
 a - a potion of lignification
 d - 3 potions of magic {unknown}
 h - a potion of might {unknown}
 i - 2 potions of cancellation {unknown}
 j - a potion of curing {unknown}
 l - a potion of heal wounds {unknown}


   Skills:
 - Level 1.0 Fighting
 - Level 2.0 Dodging
 + Level 4.1 Stealth
 - Level 3.0 Unarmed Combat
 - Level 3.0 Shapeshifting


You had 2 spell levels left.
You didn't know any spells.
Your spell library was empty.

Dungeon Overview and Level Annotations

Branches:
Dungeon (2/15)

Altars:

Annotations:
D:2 Sigmund


Innate Abilities, Weirdness & Mutations

You are a hulking beast.
Your limbs bulge with bestial killing power. (Slay +1)
You cannot wear most types of armour.
You are amphibious.
You can wear up to eight rings at the same time.
Your skin changes colour to match your surroundings (Stealth+).
Your rubbery body absorbs attacks. (AC +1, EV +1)
((You are camouflaged when in or above water. (Stealth+)))
You have tentacles for arms and can constrict up to eight enemies at once.


Message History

Found a stone staircase leading down.
There is a stone staircase leading down here.
There is a stone staircase leading down here.
Sigmund, a hobgoblin and an endoplasm come into view.
Sigmund is wielding a +3 antimagic scythe.
Found 7 stones.
There are monsters nearby!
There are monsters nearby!
Found a ring mail.
You see here 7 stones.
Sigmund shouts!
The hobgoblin shouts!
The hobgoblin hits you.
Sigmund gestures wildly while chanting.
Sigmund flickers and vanishes!
Deactivating autopickup; reactivate with Ctrl-A.
The endoplasm quivers.
You tentacle-slap the hobgoblin. Your grab misses the hobgoblin.
The hobgoblin is heavily wounded.
You tentacle-slap the hobgoblin.
You kill the hobgoblin!
You hear some strange, mumbled words.
Something tries to affect you, but you resist.
Found 5 stones.
Something tries to affect you, but you resist.
You are confused.
You're too confused to move!
The endoplasm freezes you.
You are frozen.
The endoplasm hits you.
You barely miss the endoplasm. The endoplasm hits you.
You're too confused to move!
The endoplasm freezes you.
You are frozen.
A magic dart appears from out of thin air!
The magic dart hits you!
* * * LOW HITPOINT WARNING * * *
You feel less confused. The endoplasm freezes you.
You are frozen.
You die...

########### ### #..........
.. #.#####.### #. ##.## #.#
# ###.#######...####.###
##.#.#.....#...............
#..#.#.....#.###...>#######
#...........# ##..........
###..#...Jh########.#######
..........{.........#
..........###########
..........####
.........(...#
.........###.# ........†# #
(........# .........#


You could see an endoplasm.

Vanquished Creatures
  A gnoll (D:1)
  2 dart slugs (D:1)
  A ball python (D:1)
  2 endoplasms (D:1)
  2 goblins (D:1)
  2 hobgoblins
  2 bats
  3 frilled lizards (D:1)
  A rat (D:1)
16 creatures vanquished.

Notes
Turn   | Place    | Note
-------+----------+-------------------------------------------
     0 | D:1      | Maxmaps the Octopode Shapeshifter began the quest for the
                  | Orb.
     0 | D:1      | Reached XP level 1. HP: 13/13 MP: 1/1
    65 | D:1      | Reached skill level 1 in Stealth
   161 | D:1      | Reached skill level 2 in Stealth
   161 | D:1      | Reached XP level 2. HP: 18/18 MP: 2/2
   261 | D:1      | Reached skill level 3 in Stealth
   422 | D:1      | Reached XP level 3. HP: 15/23 MP: 3/3
   476 | D:1      | Reached skill level 4 in Stealth
   789 | D:2      | Noticed Sigmund
   806 | D:2      | Frozen to death by an endoplasm

Illustrated notes

Levels and vault maps discovered:
D:1:      dpeg_arrival_signposts, layout_basic
D:2:      layout_loops_ring, uniq_sigmund

Skill      XL: |  1  2  3 |
---------------+----------+-----
Stealth        | 2 3 4 |  4.1
Fighting       | |  1.0
Dodging        | |  2.0
Unarmed Combat | |  3.0
Shapeshifting  | |  3.0

Action                     || total
---------------------------++-------
  Melee: Unarmed           ||    27
         Tentacles         ||     6
         Constrict         ||     4
         Punch             ||     2
   Stab: Sleeping          ||     3
 Armour: Skin              ||    15
  Dodge: Dodged            ||     9

Table legend: (Time is in decaauts)
 A = Elapsed time spent in this place.
 B = Non-inter-level travel time spent in this place.
 C = Inter-level travel time spent in this place.
 D = Time resting spent in this place.
 E = Time spent auto-exploring this place.
 F = Levels seen in this place.
 G = Mean time per level.
                   A        B        C        D        E       F      G
               +--------+--------+--------+--------+--------+-----+--------+
         Total |    804 |    764 |     40 |      0 |    650 |   2 |  402.0 |
       Dungeon |    804 |    764 |     40 |      0 |    650 |   2 |  402.0 |
               +--------+--------+--------+--------+--------+-----+--------+

Top non-repeatable levels by time:
     D:1: 707 daAuts
     D:2: 96 daAuts
